cohdb
Replays
Latest Replays
All Replays
Popular Replays
Top Player Replays
Match Explorer
How It Works
Community
CoH3 Stats
Reddit
Sign in to upload your games and track your stats! →
Sign in with Steam
Match 45257072
Unlisted
Match 45257072
Overview
Messages
Build Orders
End
Selects Australian Defense Battlegroup
Selects Australian Light Infantry Section
Australian Light Infantry Section
Royal Engineer Section
Construct Section Command Post
Infantry Section
Infantry Section
Construct Field Infirmary
Construct Platoon Command Post
Selects 2-pounder Anti-tank Gun Team
2-pounder Anti-tank Gun Team
Construct Platoon Command Post
Humber Armored Car
Humber Armored Car
Skeng.Tecnica.International
Ang1eton
0
0
Comments
sign in to comment!
No comments posted yet!